 Dungeon Crawl Stone Soup version 0.13-a0-2630-gc2a47ca (webtiles) character file.

10759641 throttle the Conqueror (level 27, 201/201 HPs)
             Began as a Gargoyle Fighter on Aug 2, 2013.
             Was the Champion of Zin.
             Escaped with the Orb
             ... and 15 runes on Aug 5, 2013!
             The game lasted 11:47:20 (153328 turns).

throttle the Conqueror (Gargoyle Fighter)         Turns: 153328, Time: 11:47:20

HP 201/201       AC 75     Str 30      XL: 27
MP  45/45        EV  7     Int 16      God: Zin [******]
Gold 7316        SH 42     Dex  9      Spells:  3 memorised, 19 levels left

Res.Fire  : + + +   See Invis. : +   n - +2,+6 morningstar "Ogreslayer" {crush, Int Res.Cold : + + + Warding : . v - +11 gold dragon armour "Neschog" {rPois rF Life Prot.: + + + Conserve : + M - +2 dwarf shield {reflect}
Res.Poison: +       Res.Corr.  : +   d - +4 helmet "Wiyssas" {rC+ rN+ Dex+3}
Res.Elec. : +       Clarity    : .   e - +0 cloak {rCorr, Cons}
Sust.Abil.: . .     Spirit.Shd : .   i - +3 pair of gloves of the Other Side {+Blin Res.Mut. : + Stasis : . q - +1 pair of boots {run} Res.Rott. : + Flight : . l - amulet of resist corrosion Saprovore : . . . Q - ring "Shramaoh" {+Fly rF++ Stlth} E - ring of Xeixyibb {+Fly rC+ SInv}

@: quick, quite resistant to hostile enchantments, extremely unstealthy
A: large and strong wings, fangs 1, talons 2, life protection 1, electricity
resistance, slow metabolism 1, unbreathing, petrification resistance, AC +20
a: Fly, Recite, Vitalisation, Imprison, Sanctuary, Cure All Mutations, Renounce
Religion, Evoke Blink, Evoke Flight
}: 15/15 runes: serpentine, barnacled, slimy, silver, golden, iron, obsidian,
icy, bone, abyssal, demonic, glowing, magical, fiery, dark


You escaped.
You worshipped Zin.
Zin was exalted by your worship.
You were completely stuffed.

You visited 18 branches of the dungeon, and saw 107 of its levels.
You visited Pandemonium 2 times, and saw 25 of its levels.
You visited the Abyss 3 times.
You visited 1 bazaar.
You visited 1 Ziggurat, and saw 11 of its levels.
You also visited: Labyrinth and Trove.

You collected 17074 gold pieces.
You spent 4829 gold pieces at shops.
You donated 1139 gold pieces.
You used 3810 gold pieces for miscellaneous purposes.

Inventory:

Hand weapons
 n - the +2,+6 morningstar "Ogreslayer" (weapon) {crush, Int+1 SInv}
   (You found it on level 3 of the Elven Halls)

   It inflicts extra damage upon your enemies.
   It affects your intelligence (+1).
   It enhances your eyesight.
 V - a +6,+8 morningstar of holy wrath
Armour
 d - the +4 helmet "Wiyssas" (worn) {rC+ rN+ Dex+3}
   (You bought it in a shop in a bazaar)

   It affects your dexterity (+3).
   It protects you from cold.
   It protects you from negative energy.
 e - a +0 cloak of preservation (worn)
 i - the +3 pair of gloves of the Other Side (worn) {+Blink rPois rN+ Int+2 Dam-1}
   (Okawaru gifted it to you on level 2 of the Vaults)

   It affects your intelligence (+2).
   It affects your damage-dealing abilities (-1).
   It protects you from poison.
   It protects you from negative energy.
   It lets you blink.
 q - a +1 pair of boots of running (worn)
 v - the +11 gold dragon armour "Neschog" (worn) {rPois rF+ rC+ Dex-3 Int+1}
   (You bought it in a shop on level 4 of the Orcish Mines)

   It affects your intelligence (+1).
   It affects your dexterity (-3).
   It protects you from fire.
   It protects you from cold.
   It protects you from poison.
 K - the +3 pair of gloves "Klenyes" {Str+2 Dex+5}
   (Okawaru gifted it to you on level 5 of the Snake Pit)

   It affects your strength (+2).
   It affects your dexterity (+5).
 M - a +2 dwarven shield of reflection (worn)
Magical devices
 g - a wand of lightning (3)
 m - a wand of hasting (2)
 x - a wand of invisibility (5)
 L - a wand of teleportation (3)
 W - a wand of hasting (5)
 X - a wand of teleportation (7)
Comestibles
 b - 29 bread rations
Scrolls
 c - 3 scrolls of identify
 h - 5 scrolls of fog
 o - 5 scrolls of remove curse
Jewellery
 l - an amulet of resist corrosion (around neck)
 r - an uncursed amulet of conservation
 s - an uncursed amulet of resist mutation
 t - the ring of Beogh's Generosity {Hunger- +Rage rElec rN+ Dex+3 Acc+5 Dam-1}
   (You found it on level 5 of the Shoals)

   [ring of sustenance]

   It affects your dexterity (+3).
   It affects your accuracy (+5).
   It affects your damage-dealing abilities (-1).
   It insulates you from electricity.
   It protects you from negative energy.
   It lets you go berserk.
 w - a cursed ring of protection from magic
 E - the ring of Xeixyibb (left hand) {+Fly rC+ SInv}
   (You found it in Pandemonium)

   [ring of flight]

   It protects you from cold.
   It enhances your eyesight.
 G - an uncursed ring of sustain abilities
 Q - the ring "Shramaoh" (right hand) {+Fly rF++ Stlth}
   (You found it on level 11 of a ziggurat)

   [ring of flight]

   It greatly protects you from fire.
   It makes you more stealthy.
 Z - an uncursed amulet of stasis
Potions
 a - 3 potions of curing
 u - a potion of might
 D - a potion of cure mutation
 J - 2 potions of invisibility
 O - 2 potions of berserk rage
 P - 3 potions of restore abilities
Books
 F - Plis' Incunabulum of Good Luck
   (You found it on level 24 of the Dungeon)

   Spells                             Type                      Level
   Infusion                           Charms                       1
   *Repel Missiles                    Charms/Air                   2
   Sure Blade                         Hexes/Charms                 2
   Warp Weapon                        Charms/Translocation         5
 T - a book of Enchantments

   Spells                             Type                      Level
   *Cause Fear                        Hexes                        4
   *Silence                           Hexes/Air                    5
   Tukima's Dance                     Hexes                        5
   Deflect Missiles                   Charms/Air                   6
   Haste                              Charms                       6
   Discord                            Hexes                        8
Orbs of Power
 y - the Orb of Zot
Miscellaneous
 f - a lamp of fire
 j - a sack of spiders
 k - a phial of floods
 p - a phial of floods
 z - the horn of Geryon
 A - a lamp of fire
 C - a phial of floods
 H - a phial of floods
 I - a stone of tremors
 R - a phial of floods
 S - a crystal ball of energy
Rods
 U - a cursed +2 rod of fiery destruction (13/13)
   (You found it on level 3 of the Elven Halls)
 Y - a cursed +0 rod of the swarm (10/10)
   (You found it on level 6 of the Lair of Beasts)


   Skills:
 O Level 27 Fighting
 O Level 27 Maces & Flails
 O Level 27 Armour
 O Level 27 Shields
 - Level 2.1 Spellcasting
 - Level 5.8 Hexes
 - Level 5.8 Charms
 O Level 27 Invocations
 + Level 22.4 Evocations


You had 19 spell levels left.
You knew the following spells:

 Your Spells              Type           Power        Failure   Level  Hunger
a - Repel Missiles        Chrm/Air       ##........   92%         2    ###....
b - Cause Fear            Hex            ###.......   99%         4    #####..
c - Silence               Hex/Air        ##........   100%        5    ######.


Dungeon Overview and Level Annotations

Branches:
Dungeon (27/27)            Temple (1/1) D:7             Orc (4/4) D:7
    Elf (3/3) Orc:4          Lair (8/8) D:11         Shoals (5/5) Lair:5
  Snake (5/5) Lair:3        Slime (6/6) Lair:8       Vaults (5/5) D:19
   Tomb (3/3) Forest:2        Dis (7/7) Hell            Geh (7/7) Hell
    Coc (7/7) Hell            Tar (7/7) Hell            Zot (5/5) D:27
 Forest (5/5) Vaults:2
  Blade: Vaults:3-4

Altars:
Ashenzari
Cheibriados
Elyvilon
Fedhas
Kikubaaqudgha
Makhleb
Nemelex Xobeh
Okawaru
Sif Muna
Trog
Vehumet
Xom
Yredelemnul
Zin
the Shining One
Beogh
Jiyva

Shops:
D:4: ( D:6: ! D:8: ( D:10: [ D:17: * D:22: % D:26: ** Orc:3: * Orc:4: *+([[ Elf:1: (! Elf:3: % Snake:4: / Snake:5: % Vaults:3: /*

Portals:
Hell: D:21 D:22 D:23 D:24 D:26 D:27
Abyss: D:25
Pandemonium: D:24 D:25 D:26

Annotations
Lair:5 exclusion: oklob plant


Innate Abilities, Weirdness & Mutations

You are resistant to torment.
You are immune to poison.
You can fly continuously.
Your stone body is very resilient (AC +20).
Your wings are large and strong.
You have very sharp teeth.
You have razor-sharp toenails.
You resist negative energy.
You are resistant to electric shocks.
You have a slow metabolism.
You can survive without breathing.
You are immune to petrification.


Message History

Where to? (* - list waypoints, Enter - D:3, ? - help) HP restored.
You see here a hammer.
You see here a hammer.
There is an open door here.
There is an open door here.
You open the door.
There is an open door here.
There is an open door here.
There is an open door here.
There is a stone staircase leading up here.
You climb upwards.
You sense a powerful magical force warping space.
There is a stone staircase leading down here.
Things that are here:
a jackal skeleton
There is a large open door here.
There is a large open door here.
There is a staircase leading out of the dungeon here.
You have escaped!

###.# #..# #####%#####
....# #..# #..........
##### #..# #.######### #..#
#.# ######### #.#
#.......###.# #.####8#.##.#
##....##.##.#
#####.@.##.#..#
#...#...##.#..#######
#.####.##.##........# #.#
##''###.######.# #.#
#......# #.# ## #.#
#......# #.# .# #.#
#...#..######.# .#
#####.#####..#.......##.###
.#
#.%..#...........##........


There were no monsters in sight!

Vanquished Creatures
  Antaeus (Coc:7)
  Asmodeus (Geh:7)
  Cerebov (Pan)
  the royal jelly (Slime:6)
  Ereshkigal (Tar:7)
  Gloorx Vloq (Pan)
  Mnoleg (Pan)
  Dispater (Dis:7)
  6 orbs of fire
  Tiamat (Zot:1)
  Lom Lobon (Pan)
  4 pandemonium lords (Pan)
  5 ancient liches (Zot:5)
  the Serpent of Hell (Tar:7)
  28 greater mummies
  Saint Roka (Orc:4)
  Boris (twice) (D:24 Forest:4)
  Margery (Snake:5)
  Norris (Snake:2)
  4 Killer Klowns
  Lamia (Snake:2)
  Mara (D:19)
  Mennas (Vaults:2)
  Geryon (Hell)
  Jory (Snake:5)
  4 golden dragons
  A profane servitor (Pan)
  10 Brimstone Fiends
  3 electric golems
  Frederick (Vaults:5)
  14 bone dragons
  A hellephant (Pan)
  12 Hell Sentinels
  4 liches
  23 tentacled monstrosities
  18 Ice Fiends
  8 titans
  24 Orb Guardians (Zot:5)
  6 deep elf master archers (Elf:3)
  6 deep elf blademasters
  10 acid blobs
  8 Shadow Fiends
  3 quicksilver dragons
  12 storm dragons
  8 sphinxes
  A kraken (Shoals:5)
  21 Executioners
  10 shadow dragons
  Rupert (Lair:4)
  Agnes (D:16)
  Frances (Snake:3)
  Kirke (Snake:2)
  Roxanne (Vaults:3)
  7 draconian monks
  Ilsuiw (Shoals:5)
  9 tengu reavers
  4 ghouls (D:26)
  14 draconian knights
  5 azure jellies (Slime:6)
  Donald (Snake:2)
  the Enchantress (Forest:5)
  Wiglaf (Vaults:3)
  11 vault wardens
  15 iron dragons
  6 draconian scorchers
  10 deep elf sorcerers (Elf:3)
  A tentacled starspawn (Abyss:1)
  A player illusion (D:19)
  6 ghost moths
  Aizul (Snake:5)
  A curse skull (Zig:10)
  28 balrugs
  16 frost giants
  21 fire giants
  8 greater nagas
  8 draconian zealots
  5 ancient bears
  Jorgrun (Snake:3)
  8 draconian annihilators
  16 cacodemons
  8 draconian shifters
  41 stone giants
  7 draconian callers
  13 grey draconians
  4 vampire knights (D:26)
  4 treants
  40 reapers
  8 blizzard demons
  6 deep elf demonologists (Elf:3)
  17 green draconians
  5 pale draconians
  4 satyrs
  10 elemental wellsprings
  11 mottled draconians
  Azrael (Vaults:2)
  8 purple draconians
  10 red draconians
  14 black draconians
  13 white draconians
  6 lorocyprocas
  7 dire elephants
  12 deep elf annihilators
  10 yellow draconians
  A merfolk javelineer (Shoals:5)
  12 green deaths (Pan)
  7 spriggan defenders
  An unborn deep dwarf (D:26)
  Snorg (D:16)
  2 deep elf death magi (Elf:3)
  10 merfolk impalers
  9 spriggan air magi
  11 ettins
  4 jiangshi
  22 dragons
  A death ooze (Slime:6)
  29 mummy priests
  36 vault guards
  2 deep elf high priests (Elf:3)
  35 yaktaur captains
  A dragon (shapeshifter) (Abyss:3)
  5 great orbs of eyes
  14 ironheart preservers
  3 sirens
  9 death cobs
  12 hydras
  Fannar (D:13)
  2 draconians (shapeshifter)
  Josephine (D:10)
  21 ice dragons
  8 merfolk aquamancers
  3 minotaurs
  3 ravenous feature mimics
  15 anacondas
  Erica (Snake:1)
  3 spriggan enchanters
  19 dancing weapons
  An alligator snapping turtle (Shoals:5)
  12 spriggan berserkers
  2 spectral elves (Elf:3)
  4 spriggan assassins
  3 spectral stone giants (Tomb:1)
  4 rakshasas
  6 deep troll earth magi
  14 ogre magi
  An alligator (shapeshifter) (Vaults:1)
  A death yak (D:27)
  5 deep troll shamans
  3 orc high priests
  4 hell hogs (Geh:4)
  A thrashing horror (Abyss:3)
  A titan zombie (D:26)
  A fire crab (D:27)
  16 naga warriors
  42 soul eaters
  Urug (Elf:1)
  A fire crab (shapeshifter) (Vaults:2)
  2 storm dragon zombies
  14 hell knights
  19 very ugly things
  14 iron golems
  Nergalle (Orc:4)
  12 shadow wraiths
  9 water nymphs
  2 water nymphs (shapeshifter)
  15 shadow demons
  47 sun demons
  36 centaur warriors
  A titan skeleton (D:26)
  A spectral red draconian (Tomb:2)
  4 hell beasts
  15 deep elf knights
  53 skeletal warriors
  A spatial maelstrom (Abyss:1)
  6 unseen horrors
  A ball lightning (Pan)
  12 deep trolls
  44 large abominations
  23 iron trolls
  A kraken simulacrum (Zot:4)
  4 storm dragon skeletons
  29 ice devils
  A death drake (shapeshifter) (Vaults:5)
  16 flayed ghosts
  12 sea snakes
  A sea snake (shapeshifter) (Vaults:5)
  42 orc knights
  22 fauns
  5 death drakes
  61 slime creatures
  A giant orange brain (shapeshifter) (D:25)
  15 dryads
  20 hill giants
  8 giant amoebae
  4 giant orange brains
  5 shadow dragon zombies
  10 phantasmal warriors
  11 harpies
  A deep troll (shapeshifter) (Vaults:5)
  Joseph (Lair:1)
  A deep dwarf berserker (D:27)
  17 hellions
  A lindwurm (shapeshifter) (Vaults:4)
  2 lindwurms (D:27)
  7 flaming corpses
  17 ironbrand convokers
  A sphinx zombie (Zig:8)
  7 wolf spiders
  3 frost giant zombies
  9 necromancers
  4 draconian zombies
  23 iron dragon zombies
  21 deep elf conjurers
  A shining eye (shapeshifter) (Vaults:5)
  2 shining eyes
  5 oklob plants
  A wolf spider (shapeshifter) (D:27)
  18 cyclopes
  11 stone giant zombies
  9 shadow dragon skeletons
  A fire giant zombie (D:27)
  10 orc sorcerers
  10 red wasps
  9 wizards
  5 elephants (Lair:5)
  19 stone giant skeletons
  An iron dragon skeleton (Dis:7)
  7 griffons
  21 sixfirhies
  34 moths of wrath
  2 draconian skeletons (Zot:2)
  9 spiny worms
  37 black mambas
  15 vault sentinels
  9 spriggan druids
  8 deep elf summoners
  2 frost giant skeletons
  25 spirit wolves
  4 spiny frogs
  6 eyes of devastation
  25 tormentors
  54 orange demons
  5 guardian serpents
  An item mimic (D:14)
  61 smoke demons
  A yellow draconian zombie (Zot:2)
  2 vapours
  A white draconian zombie (Zot:4)
  10 demonic crawlers
  2 yaktaurs (shapeshifter)
  7 deep elf priests
  41 iron devils
  The ghost of Restia the Spear-Bearer, an experienced TeFi of Nemelex Xobeh (D:6)
  A redback zombie (Zig:9)
  3 queen bees (Forest:4)
  A red draconian zombie (Zot:2)
  6 fire drakes
  106 guardian mummies
  18 efreet
  A ghoul skeleton (D:26)
  2 white draconian skeletons
  20 blue devils
  A komodo dragon (shapeshifter) (D:16)
  20 naga magi
  12 trolls
  76 yaktaurs
  5 jumping spiders
  2 purple draconian skeletons
  15 death drake zombies
  58 spriggans
  3 ancient zymes
  36 giant fireflies
  A hydra zombie (D:12)
  6 iron troll skeletons
  12 komodo dragons
  22 mermaids
  A giant firefly (shapeshifter) (D:27)
  50 hellwings
  13 thorn lotuses
  3 polar bears
  12 wind drakes
  An orb spider (shapeshifter) (D:27)
  27 two-headed ogres
  21 snapping turtles
  45 red devils
  A harpy skeleton (Zig:6)
  2 red wasp zombies
  9 death drake skeletons
  21 deep elf magi
  2 hydra skeletons
  A blink frog (Lair:5)
  A dragon zombie (Abyss:3)
  2 stone giant simulacra (D:22)
  21 ice dragon zombies
  5 brown oozes
  A griffon zombie (D:13)
  A redback (shapeshifter) (Vaults:4)
  9 wraiths
  7 boulder beetles
  96 water elementals
  3 ettin zombies
  25 shadows
  33 redbacks
  14 air elementals
  65 flying skulls
  18 grizzly bears
  92 ugly things
  2 griffon skeletons
  3 basilisks
  2 wyverns
  10 metal gargoyles (Dis:7)
  An octopode (shapeshifter) (Vaults:1)
  A grizzly bear (shapeshifter) (D:17)
  6 golden eyes
  16 ice dragon skeletons
  45 ynoxinuls
  10 ettin skeletons
  5 hogs (Snake:2)
  61 yaks
  A tarantella (shapeshifter) (Vaults:5)
  22 hippogriffs
  48 merfolk
  22 vampire mosquitoes
  2 spiny worm zombies
  19 sharks
  12 vampires
  5 fire elementals (Vaults:2)
  3 hill giant skeletons
  36 neqoxecs
  Grum (D:8)
  19 deep elf fighters
  17 chaos spawn
  3 rock worms
  A steam dragon (D:10)
  57 wolves
  3 molten gargoyles (Geh:7)
  A mottled dragon (D:27)
  4 spatial vortices
  18 hungry ghosts
  A soldier ant (shapeshifter) (Vaults:1)
  13 manticores
  2 iron troll simulacra
  17 necrophages
  3 deep troll zombies
  3 human zombies
  2 hydra simulacra (Zot:4)
  4 soldier ants
  10 porcupines
  A deep troll skeleton (Zig:8)
  3 swamp drakes (Zot:2)
  40 hell hounds
  3 human skeletons
  22 freezing wraiths
  18 black bears
  An ice beast (shapeshifter) (D:27)
  81 orc warriors
  9 ice beasts
  8 phantoms
  75 nagas
  10 small abominations
  10 yellow wasps
  19 giant goldfish
  A lava worm (Geh:2)
  51 ogres
  A boring beetle (shapeshifter) (Vaults:3)
  4 boring beetles
  27 centaurs
  3 ettin simulacra
  12 sky beasts
  12 wargs
  A fire crab zombie (Vaults:1)
  Sigmund (D:4)
  6 crocodiles
  A hill giant simulacrum (D:16)
  2 yaktaur zombies
  7 big kobolds
  3 brain worms
  17 giant frogs
  8 giant slugs
  2 deep troll simulacra
  A glowing shapeshifter simulacrum (Vaults:4)
  A wyvern zombie (D:12)
  20 rotting devils
  47 water moccasins
  4 agate snails
  2 yaktaur skeletons
  A manticore zombie (D:10)
  A cyclops zombie (D:15)
  2 insubstantial wisps (D:10)
  A wyvern skeleton (D:9)
  5 boulder beetle zombies
  7 eyes of draining
  6 lava fish
  A cyclops skeleton (D:16)
  2 giant goldfish zombies (Coc:7)
  A rock worm zombie (D:13)
  A hippogriff skeleton (D:12)
  A troll zombie (D:14)
  A hippogriff zombie (D:11)
  39 killer bees
  2 giant goldfish skeletons (Coc:7)
  50 wights
  7 jellyfish
  A yak skeleton (D:10)
  A giant frog zombie (D:4)
  10 big fish
  A boring beetle zombie (D:19)
  20 crimson imps
  A goliath beetle (D:10)
  50 iron imps
  A yaktaur simulacrum (Vaults:1)
  4 electric eels (Hell)
  10 quasits
  7 hounds
  5 lava snakes
  3 spiders
  14 two-headed ogre zombies (Orc:3)
  9 starcursed masses (Abyss:1)
  Crazy Yiuf (D:2)
  32 orc priests
  A warg zombie (D:23)
  5 worker ants
  6 iguanas
  An elf (shapeshifter) (D:18)
  45 orc wizards
  2 scorpions
  3 orange rats (Elf:1)
  A big kobold zombie (D:13)
  A brain worm zombie (Abyss:1)
  Ijyb (D:6)
  15 jellies
  3 ogre zombies
  2 hound zombies
  22 sheep
  9 boggarts
  A crocodile skeleton (D:7)
  An ogre skeleton (D:10)
  A killer bee simulacrum (D:10)
  44 mummies
  A gnoll (shapeshifter) (Abyss:3)
  An orange rat skeleton (Hell)
  2 orange rat zombies (Hell)
  58 adders
  A big fish skeleton (Coc:7)
  5 big fish zombies (Coc:7)
  6 giant centipedes
  6 gnolls (D:2)
  29 green rats
  15 white imps
  6 lemures
  An orange rat simulacrum (Hell)
  3 giant mites
  An inept item mimic (D:9)
  29 shadow imps
  128 ufetubi
  4 worms
  An adder zombie (D:3)
  An iguana skeleton (D:6)
  2 giant eyeballs
  7 giant geckos
  3 oozes
  209 orcs
  2 ball pythons (Snake:2)
  5 giant cockroaches
  21 hobgoblins
  20 jackals
  9 quokkas
  28 bats
  A giant cockroach zombie (D:5)
  2 giant gecko skeletons (D:6)
  4 giant newts
  18 goblins
  A hobgoblin skeleton (D:4)
  17 illusory rakshasas
  55 kobolds
  A lurking horror (Abyss:3)
  4 orc zombies
  18 rats
  A butterfly (Forest:1)
  A crawling corpse (Elf:3)
  2 fungi
  6 pillars of salt
  10 plants
  16 snaplasher vines
  5 tentacles (Shoals:5)
5682 creatures vanquished.

Vanquished Creatures (collateral kills)
  A deep elf master archer (Elf:3)
  5 acid blobs (Slime:6)
  A sphinx (Tomb:1)
  2 deep elf sorcerers (Elf:3)
  An azure jelly (Slime:6)
  2 fire giants (Geh:7)
  A draconian scorcher (Zot:1)
  An orc warlord (D:27)
  A draconian zealot (Zot:3)
  2 reapers
  A draconian shifter (Zot:4)
  A blizzard demon (Zig:10)
  A deep elf demonologist (Elf:3)
  A grey draconian (Zot:2)
  2 green draconians
  A deep elf annihilator (Elf:3)
  A green death (Pan)
  A red draconian (Zot:2)
  2 white draconians
  A purple draconian (Zot:1)
  A mottled draconian (Zot:3)
  2 pale draconians
  A spriggan air mage (Forest:5)
  A deep elf death mage (Elf:3)
  2 death oozes (Slime:6)
  An ironheart preserver (Vaults:5)
  A yaktaur captain (Vaults:5)
  2 large abominations
  2 great orbs of eyes
  A hydra (D:27)
  A rakshasa (Pan)
  An orc high priest (Vaults:5)
  An iron golem (Dis:7)
  3 soul eaters
  A centaur warrior (Forest:1)
  A shadow wraith (Tomb:1)
  2 ice devils
  4 iron trolls
  A death drake (D:27)
  A deep troll (D:27)
  3 wizards (Pan)
  2 orc knights
  A lindwurm (Zot:3)
  An iron dragon zombie (Dis:2)
  3 orc sorcerers
  A moth of wrath (Zot:2)
  A phantasmal warrior (Tomb:1)
  A shadow dragon skeleton (D:23)
  A cyclops (Vaults:4)
  2 sixfirhies (Elf:3)
  4 oklob plants
  10 water elementals
  5 slime creatures
  A tormentor (Dis:3)
  An orange demon (Pan)
  13 spriggans
  3 yaktaurs
  4 giant fireflies
  2 trolls (D:23)
  A wind drake (Forest:2)
  2 stone giant simulacra (Zig:10)
  An ugly thing (Vaults:4)
  A hungry ghost (Tomb:1)
  A deep elf fighter (Elf:3)
  A wolf (Forest:2)
  A naga (Snake:2)
  4 ice beasts (Zig:10)
  A deep troll skeleton (D:21)
  A giant goldfish (Forest:1)
  A rotting devil (Tomb:1)
  2 killer bees (Forest:4)
  A crimson imp (Elf:3)
  An iron imp (Dis:7)
  An adder (Snake:2)
  A lemure (Elf:3)
  An orange rat simulacrum (Hell)
  2 illusory rakshasas (Pan)
  2 plants
144 creatures vanquished.

Vanquished Creatures (others)
  A pandemonium lord (Pan)
  An Orb Guardian (Zot:5)
  2 tengu reavers
  4 iron dragons
  2 draconian scorchers (Zot:4)
  A tentacled starspawn (Abyss:1)
  A draconian zealot (Zot:2)
  3 phoenixes (D:27)
  An elemental wellspring (D:20)
  A mottled draconian (Zot:1)
  A deep elf high priest (Elf:3)
  An ice dragon (Zot:1)
  A merfolk aquamancer (Shoals:5)
  A spriggan assassin (Forest:1)
  A naga warrior (Zig:11)
  An iron golem (Dis:7)
  A centaur warrior (Forest:5)
  2 skeletal warriors
  21 ball lightnings (Pan)
  A deep troll (D:27)
  A wolf spider (Slime:6)
  A deep elf conjurer (Elf:1)
  2 stone giant skeletons
  A smoke demon (D:27)
  A tormentor (Dis:4)
  41 fire elementals
  A guardian mummy (Tomb:2)
  A yaktaur (D:27)
  A hellwing (Pan)
  2 orb spiders (Slime:6)
  A jumping spider (Dis:7)
  4 redbacks
  5 trapdoor spiders
  A guardian serpent skeleton (Tomb:1)
  125 water elementals
  A deep elf fighter (Elf:1)
  2 tarantellas (Slime:6)
  A neqoxec (Pan)
  A chaos spawn (Abyss:3)
  A small abomination (Abyss:3)
  2 swamp drakes (Zot:2)
  A necrophage (Tomb:1)
  2 orc warriors
  A giant slug (D:20)
  15 chimeras (Snake:2)
  A jellyfish (D:20)
  A spider (D:27)
  A quasit (Elf:3)
  A big fish (Hell)
  An orange rat (Elf:2)
  5 mummies (Tomb:2)
  A green rat (Abyss:3)
  A shadow imp (Pan)
  9 ufetubi (Pan)
  2 giant eyeballs (D:27)
  2 orcs
  A giant cockroach (Abyss:3)
  2 lurking horrors
  A rat (D:3)
  211 pillars of salt
  15 plants
  707 snaplasher vine segments
  5 starspawn tentacles (Abyss:1)
  23 starspawn tentacle segments (Abyss:1)
  11 tentacles
  56 tentacle segments
1320 creatures vanquished.

Grand Total: 7146 creatures vanquished

Notes
Turn   | Place    | Note
--------------------------------------------------------------
     0 | D:1      | throttle, the Gargoyle Fighter, began the quest for the Orb.
     0 | D:1      | Reached XP level 1. HP: 14/14 MP: 0/0
   146 | D:1      | Reached XP level 2. HP: 13/19 MP: 1/1
   420 | D:1      | Reached XP level 3. HP: 21/24 MP: 2/2
   637 | D:2      | Reached skill level 4 in Fighting
   646 | D:2      | Reached XP level 4. HP: 8/29 MP: 3/3
   905 | D:2      | Noticed Crazy Yiuf
   910 | D:2      | Killed Crazy Yiuf
  1130 | D:2      | Reached XP level 5. HP: 17/33 MP: 4/4
  1904 | D:3      | Found a white marble altar of Elyvilon.
  1998 | D:3      | Reached skill level 5 in Fighting
  2191 | D:4      | Reached XP level 6. HP: 36/39 MP: 5/5
  2225 | D:4      | Found Iciolejaos' Weapon Shoppe.
  2385 | D:4      | Noticed Sigmund
  2400 | D:4      | Killed Sigmund
  2400 | D:4      | Reached XP level 7. HP: 22/44 MP: 6/6
  2575 | D:4      | Noticed a phantom
  2618 | D:4      | Killed a phantom
  2618 | D:4      | Reached skill level 5 in Maces & Flails
  2960 | D:5      | Entered Level 5 of the Dungeon
  3156 | D:5      | Reached skill level 6 in Fighting
  3221 | D:5      | Reached skill level 5 in Armour
  3488 | D:5      | Reached skill level 5 in Shields
  3488 | D:5      | Reached XP level 8. HP: 46/50 MP: 7/7
  3862 | D:6      | Noticed Restia's ghost (experienced TeFi)
  3890 | D:6      | Killed Restia's ghost
  3890 | D:6      | Reached skill level 7 in Fighting
  4257 | D:6      | Noticed Ijyb
  4262 | D:6      | Killed Ijyb
  4321 | D:6      | Reached XP level 9. HP: 54/56 MP: 8/8
  4347 | D:6      | Reached skill level 8 in Fighting
  4416 | D:6      | Found Cliom's Distillery.
  4425 | D:6      | Bought a potion of heal wounds for 39 gold pieces
  4425 | D:6      | Bought a potion of curing for 26 gold pieces
  4426 | D:6      | Bought a potion of confusion for 13 gold pieces
  4426 | D:6      | Bought a potion of paralysis for 13 gold pieces
  4426 | D:6      | Bought a potion of slowing for 13 gold pieces
  4521 | D:6      | Gained mutation: Your wings are large and strong. [potion of beneficial mutation]
  4874 | D:7      | Found a roughly hewn altar of Beogh.
  4875 | D:7      | Found a staircase to the Orcish Mines.
  5115 | D:7      | Found a staircase to the Ecumenical Temple.
  5235 | Temple   | Entered the Ecumenical Temple
  5385 | Temple   | Became a worshipper of Warmaster Okawaru
  5832 | D:7      | Noticed a spriggan baker
  5846 | D:7      | Killed a spriggan baker
  5846 | D:7      | Reached skill level 9 in Fighting
  6016 | D:7      | Found a shimmering altar of Xom.
  6079 | D:8      | Acquired Okawaru's first power
  6159 | D:8      | Found Khimisae's Antique Weapon Boutique.
  6176 | D:8      | Bought a steaming mace for 200 gold pieces
  6176 | D:8      | Bought a glowing morningstar for 100 gold pieces
  6177 | D:8      | Identified the mace of Joyful Slaughter {speed, rF+ Dex+3} (You bought it in a shop on level 8 of the Dungeon)
  6428 | D:8      | Noticed Grum
  6444 | D:8      | Reached XP level 10. HP: 55/64 MP: 6/9
  6484 | D:8      | Killed Grum
  6567 | D:8      | Reached skill level 10 in Fighting
  7034 | D:9      | Found a shimmering altar of Xom.
  7062 | D:9      | Reached skill level 10 in Maces & Flails
  7266 | D:9      | Identified a scroll of acquirement
  7302 | D:10     | Entered Level 10 of the Dungeon
  7527 | D:10     | Noticed Josephine
  7572 | D:10     | Killed Josephine
  7572 | D:10     | Reached skill level 11 in Fighting
  7572 | D:10     | Reached XP level 11. HP: 54/70 MP: 7/10
  7662 | D:10     | Found Ciamn's Armour Shoppe.
  7673 | D:10     | Bought a +0 pair of orcish boots for 23 gold pieces
  7811 | D:10     | Noticed a hill giant
  7824 | D:10     | Killed a hill giant
  7850 | D:10     | Reached skill level 1 in Invocations
  8045 | D:10     | Acquired Okawaru's second power
  8457 | D:11     | Noticed a five-headed hydra
  8481 | D:11     | Killed a five-headed hydra
  8613 | D:11     | Received a gift from Okawaru
  8931 | D:11     | Found a staircase to the Lair.
  9057 | D:11     | Noticed a hill giant
  9072 | D:11     | Killed a hill giant
  9402 | Lair:1   | Entered Level 1 of the Lair of Beasts
  9572 | Lair:1   | Reached skill level 12 in Fighting
  9662 | Lair:1   | Noticed Joseph
  9693 | Lair:1   | Killed Joseph
 10205 | Lair:2   | Reached XP level 12. HP: 77/77 MP: 17/17
 10657 | Lair:2   | Received a gift from Okawaru
 11439 | Lair:3   | Found a staircase to the Snake Pit.
 11864 | Lair:4   | Noticed Rupert
 11930 | Lair:4   | Killed Rupert
 11930 | Lair:4   | Received a gift from Okawaru
 11930 | Lair:4   | Reached skill level 13 in Fighting
 11939 | Lair:4   | Got a steaming great mace {god gift}
 12437 | Lair:4   | Reached skill level 5 in Invocations
 12717 | Lair:5   | Noticed an eight-headed hydra
 12740 | Lair:5   | Killed an eight-headed hydra
 12865 | Lair:5   | Found a staircase to the Shoals.
 12998 | Lair:5   | Found a labyrinth entrance.
 13102 | Lab      | Entered a labyrinth
 15188 | Lab      | Noticed a minotaur
 15195 | Lab      | Killed a minotaur
 15211 | Lair:5   | Identified a +2 rod of warding (11/11) (You found it in a labyrinth)
 15220 | Lair:5   | Identified the great mace "Vabluros" {god gift, drain, Str+2 Dex-2} (Okawaru gifted it to you on level 4 of the Lair of Beasts)
 15395 | Lair:5   | Received a gift from Okawaru
 15395 | Lair:5   | Reached XP level 13. HP: 58/84 MP: 18/21
 15409 | Lair:5   | Reached skill level 10 in Armour
 16069 | Lair:6   | Got a brightly glowing helmet
 16072 | Lair:6   | Identified the cursed -4 helmet "Norim" {Str+2 Curse} (You found it on level 6 of the Lair of Beasts)
 16153 | Lair:6   | Identified a +0 rod of the swarm (10/10) (You found it on level 6 of the Lair of Beasts)
 17594 | Lair:8   | Entered Level 8 of the Lair of Beasts
 17681 | Lair:8   | Reached skill level 10 in Shields
 17876 | Lair:8   | Reached skill level 14 in Fighting
 17935 | Lair:8   | Received a gift from Okawaru
 17961 | Lair:8   | Got a shimmering robe {god gift}
 18268 | Lair:8   | Reached skill level 1 in Evocations
 18620 | Lair:8   | Found a viscous altar of Jiyva.
 18620 | Lair:8   | Found a staircase to the Slime Pits.
 19801 | Orc:1    | Entered Level 1 of the Orcish Mines
 20242 | Orc:2    | Reached XP level 14. HP: 81/92 MP: 24/24
 20901 | Orc:1    | Found a burning altar of Makhleb.
 21572 | Orc:3    | Found Smewnoeg's General Store.
 21576 | Orc:3    | Bought a +2 pair of boots for 244 gold pieces
 21782 | Orc:4    | Entered Level 4 of the Orcish Mines
 21883 | Orc:4    | Found a staircase to the Elven Halls.
 21902 | Orc:4    | Found Pruotwul's Armour Emporium.
 22375 | Orc:4    | Noticed Nergalle
 22405 | Orc:4    | Killed Nergalle
 22428 | Orc:4    | Noticed Saint Roka
 22749 | Orc:4    | Killed Saint Roka
 22749 | Orc:4    | Received a gift from Okawaru
 22749 | Orc:4    | Reached skill level 15 in Fighting
 23518 | Orc:4    | Found a roughly hewn altar of Beogh.
 23530 | Orc:4    | Found Weip's Antique Armour Emporium.
 23554 | Orc:4    | Bought a transparent plate armour for 532 gold pieces
 23577 | Orc:4    | Identified the +2 plate armour of Sorcery {rC+ SInv} (You bought it in a shop on level 4 of the Orcish Mines)
 23580 | Orc:4    | Bought a glowing helmet for 47 gold pieces
 23595 | Orc:4    | Found Wuekesimy's Book Emporium.
 23621 | Orc:4    | Found Pnec's General Store.
 23647 | Orc:4    | Found Xaklaos' Antique Weapon Emporium.
 25396 | D:13     | Reached skill level 15 in Maces & Flails
 25409 | D:13     | Noticed Fannar
 25431 | D:13     | Killed Fannar
 25688 | D:14     | Entered Level 14 of the Dungeon
 26424 | D:15     | Entered Level 15 of the Dungeon
 26446 | D:15     | Reached XP level 15. HP: 85/99 MP: 25/25
 26665 | D:15     | Reached skill level 5 in Evocations
 27164 | D:15     | Received a gift from Okawaru
 27520 | D:16     | Noticed Agnes
 27543 | D:16     | Killed Agnes
 27820 | D:16     | Reached skill level 16 in Fighting
 27994 | D:16     | Noticed Snorg
 28003 | D:16     | Killed Snorg
 28832 | D:17     | Found Ehewuk Nojiq's General Store.
 29175 | D:17     | Received a gift from Okawaru
 30211 | D:18     | Reached XP level 16. HP: 107/107 MP: 25/25
 30309 | D:19     | Found a staircase to the Vaults.
 30390 | D:19     | Noticed Mara
 30392 | D:19     | Noticed throttle's illusion
 30468 | D:19     | Killed Mara
 30491 | D:19     | Killed throttle's illusion
 31660 | D:20     | Entered Level 20 of the Dungeon
 31939 | D:19     | Received a gift from Okawaru
 32227 | D:20     | Reached skill level 17 in Fighting
 34646 | Snake:1  | Entered Level 1 of the Snake Pit
 34691 | Snake:1  | Noticed Erica
 34706 | Snake:1  | Killed Erica
 35115 | Snake:1  | Received a gift from Okawaru
 35608 | Snake:2  | Noticed Lamia
 35633 | Snake:2  | Killed Lamia
 35647 | Snake:2  | Noticed Norris
 35927 | Snake:2  | Noticed Donald
 35940 | Snake:2  | Killed Donald
 36107 | Snake:2  | Paralysed by Norris for 7 turns
 36124 | Snake:2  | Killed Norris
 36124 | Snake:2  | Reached XP level 17. HP: 90/114 MP: 22/27
 36286 | Snake:2  | Noticed Kirke
 36482 | Snake:2  | Killed Kirke
 37030 | Snake:3  | Noticed Jorgrun
 37041 | Snake:3  | Killed Jorgrun
 37505 | Snake:3  | Noticed Frances
 37521 | Snake:3  | Killed Frances
 38292 | Snake:4  | Found Xonu's Magical Wand Shop.
 39788 | Snake:5  | Entered Level 5 of the Snake Pit
 39811 | Snake:5  | Reached skill level 18 in Fighting
 40003 | Snake:5  | Noticed Margery
 40015 | Snake:5  | Killed Margery
 40214 | Snake:5  | Received a gift from Okawaru
 40227 | Snake:5  | Got a pair of faintly humming gloves {god gift}
 40231 | Snake:5  | Identified the +3 pair of gloves "Klenyes" {Str+2 Dex+5} (Okawaru gifted it to you on level 5 of the Snake Pit)
 40740 | Snake:5  | Found Mycy's Food Shoppe.
 40834 | Snake:5  | Noticed Jory
 40848 | Snake:5  | Killed Jory
 41215 | Snake:5  | Noticed Aizul
 41234 | Snake:5  | Killed Aizul
 41459 | Snake:5  | Reached XP level 18. HP: 107/122 MP: 29/29
 41510 | Snake:5  | Received a gift from Okawaru
 41883 | Snake:5  | Got a serpentine rune of Zot
 43432 | Shoals:1 | Entered Level 1 of the Shoals
 47066 | Orc:4    | Bought a bronze gold dragon armour for 2669 gold pieces
 47092 | Orc:4    | Identified the +11 gold dragon armour "Neschog" {rPois rF+ rC+ Dex-3 Int+1} (You bought it in a shop on level 4 of the Orcish Mines)
 48345 | Shoals:5 | Entered Level 5 of the Shoals
 48390 | Shoals:5 | Noticed Ilsuiw
 48479 | Shoals:4 | Reached skill level 19 in Fighting
 48799 | Shoals:5 | Killed Ilsuiw
 49743 | Shoals:5 | Got a barnacled rune of Zot
 50014 | Shoals:5 | Reached skill level 10 in Evocations
 50048 | Shoals:5 | Got a heavily runed copper ring
 50049 | Shoals:5 | Identified the ring of Beogh's Generosity {Hunger- +Rage rElec rN+ Dex+3 Acc+5 Dam-1} (You found it on level 5 of the Shoals)
 50181 | Shoals:5 | Received a gift from Okawaru
 50213 | Shoals:5 | Reached XP level 19. HP: 129/129 MP: 31/31
 51399 | Vaults:1 | Entered Level 1 of the Vaults
 51735 | Vaults:1 | Identified the Volume of Ashen Changing
 52438 | Vaults:1 | Received a gift from Okawaru
 53386 | Vaults:2 | Reached skill level 20 in Fighting
 53672 | Vaults:2 | Reached skill level 15 in Armour
 53945 | Vaults:2 | Reached XP level 20. HP: 138/138 MP: 32/32
 54595 | Vaults:2 | Found a staircase to the Enchanted Forest.
 54597 | Vaults:2 | Noticed Azrael
 54635 | Vaults:2 | Received a gift from Okawaru
 54650 | Vaults:2 | Killed Azrael
 54660 | Vaults:2 | Got a pair of transparent gloves {god gift}
 54664 | Vaults:2 | Identified the +3 pair of gloves of the Other Side {+Blink rPois rN+ Int+2 Dam-1} (Okawaru gifted it to you on level 2 of the Vaults)
 54898 | Vaults:2 | Found a gateway to a bazaar.
 54903 | Bazaar   | Entered a bazaar
 54903 | Bazaar   | Found Oniav's Book Emporium.
 54903 | Bazaar   | Found Twoah's Assorted Antiques.
 54906 | Bazaar   | Found Dismirel's Antique Weapon Emporium.
 54915 | Bazaar   | Bought a bloodstained morningstar for 189 gold pieces
 54921 | Bazaar   | Found Oduddoleto's Assorted Antiques.
 54926 | Bazaar   | Bought an ichor-stained helmet for 195 gold pieces
 54930 | Bazaar   | Bought a scroll of identify for 50 gold pieces
 54930 | Bazaar   | Bought a scroll of enchant armour for 137 gold pieces
 54944 | Bazaar   | Identified the +4 helmet "Wiyssas" {rC+ rN+ Dex+3} (You bought it in a shop in a bazaar)
 55058 | Vaults:2 | Noticed Mennas
 55105 | Vaults:2 | Identified the cursed morningstar "Arbiter" {flame, rN+ Curse} (You bought it in a shop in a bazaar)
 55150 | Vaults:2 | Killed Mennas
 55448 | Vaults:2 | Reached skill level 15 in Shields
 56109 | Vaults:3 | Noticed Wiglaf
 56133 | Vaults:3 | Killed Wiglaf
 56230 | Vaults:3 | Received a gift from Okawaru
 56476 | Vaults:3 | Found Gruvigoy's Assorted Antiques.
 56502 | Vaults:3 | Bought a potion of heal wounds for 108 gold pieces
 56502 | Vaults:3 | Bought a scroll of identify for 72 gold pieces
 56502 | Vaults:3 | Bought a scroll of remove curse for 108 gold pieces
 56688 | Vaults:3 | Noticed Roxanne
 56708 | Vaults:3 | Killed Roxanne
 56711 | Vaults:3 | Identified Roxanne's Compendium of Ashen Moulding (You took it off Roxanne on level 3 of the Vaults)
 56841 | Vaults:3 | Found Caup's Magical Wand Shop.
 57148 | Vaults:4 | Found a staircase to the Hall of Blades.
 57170 | Blade    | Entered the Hall of Blades
 57902 | Vaults:4 | Reached XP level 21. HP: 139/145 MP: 33/33
 57905 | Vaults:4 | Reached skill level 21 in Fighting
 58419 | Vaults:4 | Got an ancient demon whip
 58420 | Vaults:4 | Identified the demon whip of Ravage {flame, Str-1 Dex+2} (You acquired it on level 4 of the Vaults)
 58538 | Vaults:4 | Received a gift from Okawaru
 58541 | Vaults:4 | Got a crude crossbow {god gift}
 58542 | Vaults:4 | Identified the crossbow of Frashraott {god gift, velocity, +Blink +Fly Dex+2} (Okawaru gifted it to you on level 4 of the Vaults)
 59155 | Vaults:5 | Entered Level 5 of the Vaults
 60238 | Vaults:5 | Received a gift from Okawaru
 60695 | Vaults:4 | Reached skill level 1 in Spellcasting
 60769 | Vaults:5 | Was placed under penance by Okawaru
 60771 | Vaults:5 | Noticed Frederick
 61404 | Vaults:5 | Killed Frederick
 61461 | Vaults:4 | Reached XP level 22. HP: 64/154 MP: 34/34
 63150 | Temple   | Fell from the grace of Okawaru
 63150 | Temple   | Became a worshipper of Zin the Law-Giver
 63150 | Temple   | Acquired Zin's first power
 63151 | Temple   | Donated 107 gold pieces to Zin
 63152 | Temple   | Donated 54 gold pieces to Zin
 63153 | Temple   | Donated 27 gold pieces to Zin
 63153 | Temple   | Donated 13 gold pieces to Zin
 63745 | D:21     | Found a gateway to Hell.
 63745 | D:21     | Found Par Buom's Magical Wand Shoppe.
 63944 | D:21     | Par Buom's Magical Wand Shoppe was a mimic.
 63956 | D:21     | Acquired Zin's second power
 64462 | D:22     | Reached skill level 22 in Fighting
 64654 | D:22     | Found Uluch's Food Emporium.
 64799 | D:22     | Acquired Zin's third power
 66363 | D:23     | Was placed under penance by Zin
 67363 | Temple   | Donated 149 gold pieces to Zin
 67364 | Temple   | Donated 74 gold pieces to Zin
 67365 | Temple   | Donated 37 gold pieces to Zin
 67365 | Temple   | Donated 19 gold pieces to Zin
 68365 | Vaults:5 | Got a silver rune of Zot
 68437 | Vaults:5 | Identified a +0 pair of boots of running (You found it on level 5 of the Vaults)
 68550 | Vaults:5 | Noticed a golden dragon
 68577 | Vaults:5 | Killed a golden dragon
 68676 | Vaults:5 | Got a wavering brass ring
 68806 | Vaults:5 | Identified the cursed ring of Tunkoz {Str+4 Int-3} (You found it on level 5 of the Vaults)
 68810 | Vaults:5 | Identified a +3 rod of destruction (9/9) (You found it on level 5 of the Vaults)
 68896 | Vaults:5 | Reached XP level 23. HP: 162/162 MP: 35/35
 68938 | Vaults:5 | Was forgiven by Zin
 70069 | Vaults:5 | Acquired Zin's fourth power
 71542 | D:24     | Found a portal to a secret trove of treasure.
 71791 | D:24     | Found a one-way gate leading to the halls of Pandemonium.
 71875 | D:24     | Noticed Boris
 71896 | D:24     | Killed Boris
 72031 | D:24     | Identified Plis' Incunabulum of Good Luck
 72304 | D:24     | Found a shimmering altar of Xom.
 72304 | D:24     | Found a shimmering altar of Xom.
 72306 | D:24     | Found a shimmering altar of Xom.
 72372 | D:25     | Entered Level 25 of the Dungeon
 72372 | D:25     | Found a one-way gate to the infinite horrors of the Abyss.
 72462 | D:25     | Found a burning altar of Makhleb.
 72708 | D:25     | Reached skill level 23 in Fighting
 75090 | Orc:3    | Bought a scroll of teleportation for 51 gold pieces
 75802 | D:26     | Found Ytipaul's Demolitions Depot.
 75951 | D:26     | Reached XP level 24. HP: 104/171 MP: 36/36
 76183 | D:26     | Found Fydoyloargh's Assorted Antiques.
 76559 | D:26     | Paralysed by a vampire knight for 7 turns
 77021 | D:27     | Entered Level 27 of the Dungeon
 77033 | D:27     | Paralysed by an orc sorcerer for 7 turns
 77159 | D:26     | Upgraded the game from 0.13-a0-2590-g8c14591 to 0.13-a0-2600-g811f1de
 77842 | D:25     | Voluntarily entered the Abyss.
 77871 | Abyss:1  | Found a corrupted altar of Lugonu.
 78205 | Abyss:2  | Found a corrupted altar of Lugonu.
 78205 | Abyss:2  | Found an ancient bone altar of Kikubaaqudgha.
 78270 | Abyss:3  | Found a corrupted altar of Lugonu.
 78351 | Abyss:3  | Reached skill level 10 in Invocations
 78398 | Abyss:3  | Got an abyssal rune of Zot
 78723 | D:25     | Escaped the Abyss
 79072 | Forest:1 | Entered Level 1 of the Enchanted Forest
 82276 | Forest:2 | Found a staircase to the Tomb.
 82418 | Forest:2 | Reached skill level 24 in Fighting
 82817 | Forest:2 | Reached XP level 25. HP: 180/180 MP: 36/36
 84517 | Forest:4 | Noticed Boris
 84546 | Forest:4 | Killed Boris
 85655 | Forest:5 | Entered Level 5 of the Enchanted Forest
 86790 | Forest:5 | Noticed the Enchantress
 86818 | Forest:5 | Killed the Enchantress
 88293 | D:25     | Learned a level 2 spell: Repel Missiles
 88304 | D:25     | Learned a level 4 spell: Cause Fear
 88500 | D:27     | Reached skill level 1 in Charms
 88518 | D:27     | Reached skill level 1 in Hexes
 89227 | D:25     | Reached XP level 26. HP: 170/188 MP: 37/37
 89563 | Trove    | Entered a treasure trove
 90711 | D:27     | Reached skill level 25 in Fighting
 91695 | Elf:1    | Entered Level 1 of the Elven Halls
 91926 | Elf:1    | Found Onnaqeiv's Weapon Emporium.
 91967 | Elf:1    | Found Schiraas' Distillery.
 92101 | Elf:1    | Found a burning altar of Makhleb.
 92133 | Elf:1    | Noticed Urug
 92146 | Elf:1    | Killed Urug
 93335 | Elf:3    | Entered Level 3 of the Elven Halls
 93369 | Elf:3    | Found Kufeus' Food Shop.
 94904 | Elf:3    | Cast into the Abyss (spectral elf)
 94908 | Abyss:1  | Found a corrupted altar of Lugonu.
 95014 | Abyss:1  | Found a corrupted altar of Lugonu.
 95036 | Abyss:1  | Found a corrupted altar of Lugonu.
 95340 | Abyss:1  | Found a shimmering altar of Xom.
 95438 | Elf:3    | Escaped the Abyss
 95534 | Elf:3    | Reached skill level 5 in Charms
 95570 | Elf:3    | Reached skill level 5 in Hexes
 95628 | Elf:3    | Reached XP level 27. HP: 197/197 MP: 38/38
 95664 | Elf:3    | Got a sparkling ivory amulet
 95665 | Elf:3    | Identified the amulet "Griuguinge" {Ward rElec rF+} (You found it on level 3 of the Elven Halls)
 95674 | Elf:3    | Got a smoking morningstar
 95675 | Elf:3    | Identified the morningstar "Ogreslayer" {crush, Int+1 SInv} (You found it on level 3 of the Elven Halls)
 95839 | Elf:3    | Got a slimy turquoise ring
 95840 | Elf:3    | Identified the ring "Cialidwag" {+Fly Str+2 Int-3} (You found it on level 3 of the Elven Halls)
 95846 | Elf:3    | Identified a +2 rod of fiery destruction (13/13) (You found it on level 3 of the Elven Halls)
 96304 | Elf:3    | Identified a +5 rod of inaccuracy (14/14) (You found it on level 3 of the Elven Halls)
 96432 | Elf:3    | Was forgiven by Okawaru
 96585 | Elf:2    | Learned a level 5 spell: Silence
 97500 | Tomb:1   | Entered Level 1 of the Tomb of the Ancients
 98405 | Tomb:1   | Upgraded the game from 0.13-a0-2600-g811f1de to 0.13-a0-2606-g170388b
 98902 | Zot:1    | Entered Level 1 of the Realm of Zot
 99530 | Zot:1    | Reached skill level 26 in Fighting
100066 | Zot:1    | Noticed Tiamat
100126 | Zot:1    | Killed Tiamat
101232 | Zot:2    | Reached skill level 15 in Invocations
101936 | Zot:2    | Identified a +0 cloak of preservation (You took it off a white draconian on level 2 of the Realm of Zot)
102594 | Zot:2    | Noticed an orb of fire
102616 | Zot:2    | Killed an orb of fire
103547 | Zot:3    | Reached skill level 27 in Fighting
103679 | Zot:3    | Reached skill level 27 in Maces & Flails
105383 | Zot:4    | Noticed an orb of fire
105413 | Zot:4    | Killed an orb of fire
105874 | Zot:4    | Noticed an orb of fire
105900 | Zot:4    | Killed an orb of fire
106302 | Zot:5    | Entered Level 5 of the Realm of Zot
106981 | Zot:5    | Noticed an ancient lich
106990 | Zot:5    | Killed an ancient lich
107064 | Zot:5    | Noticed an orb of fire
107097 | Zot:5    | Killed an orb of fire
107348 | Zot:5    | Noticed an ancient lich
107350 | Zot:5    | Noticed an orb of fire
107370 | Zot:5    | Killed an ancient lich
107388 | Zot:5    | Killed an orb of fire
107477 | Zot:5    | Noticed an ancient lich
107488 | Zot:5    | Killed an ancient lich
107931 | Zot:5    | Noticed an ancient lich
107939 | Zot:5    | Killed an ancient lich
108091 | Zot:5    | Noticed an ancient lich
108101 | Zot:5    | Killed an ancient lich
108108 | Zot:5    | Noticed an orb of fire
108135 | Zot:5    | Killed an orb of fire
108649 | D:27     | Upgraded the game from 0.13-a0-2606-g170388b to 0.13-a0-2630-gc2a47ca
109992 | Pan      | Entered Pandemonium
110649 | Pan      | Noticed Eheolidgh the pandemonium lord
110663 | Pan      | Killed Eheolidgh the pandemonium lord
110980 | Pan      | Found an exit through the horrors of the Abyss.
111030 | Pan      | Noticed Wuipizxy the pandemonium lord
111057 | Pan      | Killed Wuipizxy the pandemonium lord
111714 | Pan      | Noticed Qaicomo the pandemonium lord
111727 | Pan      | Killed Qaicomo the pandemonium lord
112587 | Pan      | Got a smoking lead ring
112588 | Pan      | Identified the ring "Thruef" {Hunger rPois} (You found it in Pandemonium)
112688 | Pan      | Noticed Vuxziugeun the pandemonium lord
112746 | Pan      | Killed Vuxziugeun the pandemonium lord
113352 | Pan      | Noticed Sutefo the pandemonium lord
113368 | Pan      | Killed Sutefo the pandemonium lord
113384 | Pan      | Got a demonic rune of Zot
113579 | Pan      | Got a sparkling copper ring
113601 | Pan      | Identified the ring of Xeixyibb {+Fly rC+ SInv} (You found it in Pandemonium)
113618 | Pan      | Entered the realm of Lom Lobon.
114204 | Pan      | Noticed Lom Lobon
114297 | Pan      | Killed Lom Lobon
114313 | Pan      | Got a magical rune of Zot
114893 | Pan      | Noticed Xuasm the pandemonium lord
114958 | Pan      | Found a gateway to a ziggurat.
114991 | Pan      | You paid a toll of 3810 gold to enter a ziggurat.
114991 | Zig:1    | Entered Level 1 of a ziggurat
115007 | Zig:2    | Entered Level 2 of a ziggurat
115081 | Zig:3    | Entered Level 3 of a ziggurat
115287 | Zig:4    | Entered Level 4 of a ziggurat
115328 | Zig:5    | Entered Level 5 of a ziggurat
115403 | Zig:6    | Entered Level 6 of a ziggurat
115530 | Zig:6    | Got a polished flail
115531 | Zig:6    | Identified the flail of the Pillar {flame, +Fly rF-} (You found it on level 6 of a ziggurat)
115536 | Zig:7    | Entered Level 7 of a ziggurat
115760 | Zig:8    | Entered Level 8 of a ziggurat
116053 | Zig:9    | Entered Level 9 of a ziggurat
116208 | Zig:9    | Got a sparkling silver amulet
116209 | Zig:9    | Identified the amulet "Iclin Ucu" {rCorr Contam +Fly rElec rN+} (You found it on level 9 of a ziggurat)
116223 | Zig:10   | Entered Level 10 of a ziggurat
116475 | Zig:11   | Entered Level 11 of a ziggurat
116651 | Zig:11   | Identified the Volume of Enhancements
116654 | Zig:11   | Got a glittering silver ring
116655 | Zig:11   | Identified the ring "Shramaoh" {+Fly rF++ Stlth} (You found it on level 11 of a ziggurat)
116664 | Zig:11   | Got an ichor-stained mace
116665 | Zig:11   | Identified the cursed mace of Tawoode {flame, SInv} (You found it on level 11 of a ziggurat)
116667 | Zig:11   | Got a scintillating ivory amulet
116668 | Zig:11   | Identified the amulet of Theorepp {Faith rC+} (You found it on level 11 of a ziggurat)
116676 | Zig:11   | Got a wavering bone ring
116677 | Zig:11   | Identified the cursed ring "Ghoass" {AC-2 Stlth+} (You found it on level 11 of a ziggurat)
116980 | D:26     | Escaped Pandemonium
117303 | Pan      | Entered Pandemonium
117440 | Pan      | Entered the realm of Gloorx Vloq.
117730 | Pan      | Noticed Gloorx Vloq
117766 | Pan      | Killed Gloorx Vloq
117771 | Pan      | Got a dark rune of Zot
118224 | Pan      | Found an exit through the horrors of the Abyss.
118692 | Pan      | Noticed Myzufaub the pandemonium lord
118744 | Pan      | Found an exit through the horrors of the Abyss.
118775 | Pan      | Noticed Ejofabox the pandemonium lord
118820 | Pan      | Entered the realm of Cerebov.
119754 | Pan      | Noticed Cerebov
119811 | Pan      | Killed Cerebov
119812 | Pan      | HP: 2/201 [disintegration[Cerebov] (17)]
120258 | Pan      | Found an exit through the horrors of the Abyss.
120778 | Pan      | Identified Sif Muna's Almanac of Moulding
121028 | Pan      | Got a fiery rune of Zot
121222 | Pan      | Got a fine platinum amulet
121224 | Pan      | Identified the amulet of Triox {Clar Str+1 Dex-4} (You found it in Pandemonium)
121861 | Pan      | Noticed Veocsis the pandemonium lord
121988 | Pan      | Reached skill level 27 in Invocations
122395 | Pan      | Entered the realm of Mnoleg.
122480 | Pan      | Noticed Mnoleg
122502 | Pan      | Killed Mnoleg
122551 | Pan      | Got a glowing rune of Zot
122623 | Pan      | Found an exit through the horrors of the Abyss.
123409 | Pan      | Took an exit into the Abyss.
123409 | Abyss:1  | Escaped into the Abyss
123483 | D:24     | Escaped the Abyss
124456 | Tomb:1   | Reached skill level 27 in Shields
126583 | Tomb:1   | Reached skill level 15 in Evocations
129828 | Tomb:3   | Entered Level 3 of the Tomb of the Ancients
133653 | Tomb:3   | Got an ancient steel amulet
133654 | Tomb:3   | Identified the cursed amulet "Gruajiz" {Spirit +Inv +Fly rPois} (You found it on level 3 of the Tomb of the Ancients)
133812 | Tomb:3   | Got a golden rune of Zot
136060 | Hell     | Entered the Vestibule of Hell
136060 | Hell     | Noticed Geryon
136074 | Hell     | Killed Geryon
136115 | Hell     | Found a gateway to the Iron City of Dis.
136121 | Dis:1    | Entered Level 1 of the Iron City of Dis
137825 | Dis:7    | Entered Level 7 of the Iron City of Dis
139100 | Dis:7    | Got a slimy wooden ring
139104 | Dis:7    | Identified the ring "Pnabro" {EV+3 Dex+5} (You found it on level 7 of the Iron City of Dis)
139753 | Dis:7    | Noticed Dispater
139805 | Dis:7    | Zin protects you from harm!
140578 | Dis:7    | Killed Dispater
140585 | Dis:7    | Tolias: dude, at least be hasted when fighting dispater
140587 | Dis:7    | Tolias: :)
140794 | Dis:7    | Paralysed by the effects of Hell for 3 turns
140964 | Dis:7    | Got an iron rune of Zot
141496 | Hell     | Found a gateway to the decaying netherworld of Tartarus.
141501 | Tar:1    | Entered Level 1 of Tartarus
142654 | Tar:7    | Entered Level 7 of Tartarus
142708 | Tar:7    | Identified the Guide on Vitriolic Companions
143204 | Tar:7    | Noticed the Serpent of Hell
143225 | Tar:7    | Killed the Serpent of Hell
143487 | Tar:7    | Reached skill level 27 in Armour
143538 | Tar:7    | Noticed Ereshkigal
143585 | Tar:7    | Paralysed by Ereshkigal for 7 turns
143594 | Tar:7    | Killed Ereshkigal
143636 | Tar:7    | Got a bone rune of Zot
144172 | Tar:7    | Got a slimy pewter ring
144186 | Tar:7    | Identified the ring "Kokievi" {Fire Str+4} (You found it on level 7 of Tartarus)
144190 | Tar:7    | Got a faintly glowing mace
144191 | Tar:7    | Identified the mace of Gravity {antimagic, rF++ rC+ Stlth--} (You found it on level 7 of Tartarus)
144454 | Hell     | Found a gateway to the freezing wastes of Cocytus.
144491 | Coc:1    | Entered Level 1 of Cocytus
144665 | Coc:7    | Entered Level 7 of Cocytus
145632 | Coc:7    | Noticed Antaeus
146192 | Coc:7    | Killed Antaeus
146215 | Coc:7    | Got an icy rune of Zot
146315 | Coc:7    | Got an ancient morningstar
146316 | Coc:7    | Identified the +1,+2 morningstar of the Sugar Beet {venom, Hunger rC++ Dex+4} (You found it on level 7 of Cocytus)
146452 | Hell     | Found a gateway to the ashen valley of Gehenna.
146464 | Geh:1    | Entered Level 1 of Gehenna
147465 | Geh:7    | Entered Level 7 of Gehenna
148380 | Geh:7    | Noticed Asmodeus
148414 | Geh:7    | Killed Asmodeus
148862 | Geh:7    | Got an obsidian rune of Zot
150424 | Slime:1  | Entered Level 1 of the Pits of Slime
150515 | Slime:3  | Paralysed by a giant eyeball for 3 turns
150739 | Slime:6  | Entered Level 6 of the Pits of Slime
150770 | Slime:6  | Noticed the royal jelly
150783 | Slime:6  | Was placed under penance by Zin
150786 | Slime:6  | Killed the royal jelly
150836 | Slime:5  | Paralysed by a great orb of eyes for 5 turns
151173 | Slime:6  | Paralysed by a giant eyeball for 4 turns
151184 | Slime:6  | Paralysed by a giant eyeball for 4 turns
151210 | Slime:6  | Got a slimy rune of Zot
151272 | Slime:6  | Was forgiven by Zin
152467 | Zot:5    | Got the Orb of Zot
153328 | D:$      | Escaped with the Orb!

Action                   |  1- 3 |  4- 6 |  7- 9 | 10-12 | 13-15 | 16-18 | 19-21 | 22-24 | 25-27 || total
-------------------------+-------+-------+-------+-------+-------+-------+-------+-------+-------++-------
Melee: Mace              |   106 |     4 |       |   411 |       |       |       |       |    83 ||   604
       Hammer            |       |   147 |    79 |       |       |       |       |       |       ||   226
       Morningstar       |       |       |   308 |   751 |  1909 |  2211 |  2172 |  3091 | 10403 || 20845
       Unarmed           |       |       |       |    11 |       |     1 |       |       |       ||    12
       Demon whip        |       |       |       |       |       |    90 |       |       |       ||    90
Throw: Javelin           |       |       |       |       |       |       |       |       |     4 ||     4
Invok: Heroism           |       |       |     1 |    10 |     8 |    12 |    14 |       |       ||    45
       Finesse           |       |       |       |     2 |     5 |     6 |       |       |       ||    13
       Recite            |       |       |       |       |       |       |       |     9 |   181 ||   190
       Vitalisation      |       |       |       |       |       |       |       |    11 |    89 ||   100
       Sanctuary         |       |       |       |       |       |       |       |       |     1 ||     1
 Abil: Fly               |       |       |       |       |     1 |     3 |       |       |     3 ||     7
       Stop Flying       |       |       |       |       |     1 |     2 |     1 |       |     3 ||     7
       Evoke Blink       |       |       |       |       |       |       |       |       |     2 ||     2
Evoke: Wand              |       |       |       |     3 |    34 |    30 |     3 |    13 |    46 ||   129
       Miscellaneous     |       |       |       |       |       |    30 |    17 |    19 |   112 ||   178
  Use: Scroll            |       |       |    20 |    13 |    16 |    15 |     9 |    16 |   103 ||   192
       Potion            |       |       |     7 |     5 |    22 |    12 |     7 |     7 |    41 ||   101
 Stab: Invisible         |       |       |       |       |     1 |     2 |       |       |     3 ||     6
       Distracted        |       |       |       |       |       |     1 |     3 |     2 |    14 ||    20
       Held in net/web   |       |       |       |       |       |     1 |       |       |       ||     1
       Fleeing           |       |       |       |       |       |       |     3 |     2 |     9 ||    14
       Paralysed         |       |       |       |       |       |       |       |     2 |     9 ||    11
       Confused          |       |       |       |       |       |       |       |       |    10 ||    10
